 Dungeon Crawl Stone Soup version 0.23-a0-419-g0174fd8 (webtiles) character file.

5786 Gospel the Thaumaturge (level 10, -9/63 HPs)
             Began as a Mummy Wizard on Nov 12, 2018.
             Was an Initiate of Gozag.
             Hit by a large rock thrown by a cyclops (44 damage)
             ... on level 12 of the Dungeon.
             The game lasted 00:40:41 (16148 turns).

Gospel the Thaumaturge (Mummy Wizard)              Turns: 16148, Time: 00:40:41

Health: -9/63      AC: 10    Str: 10    XL:     10   Next: 50%
Magic:  11/24      EV: 12    Int: 20    God:    Gozag
Gold:   1499       SH:  0    Dex: 12    Spells: 1/29 levels left

rFire    x . .     SeeInvis .   k - +5 dagger (freeze)
rCold    + . .     Gourm    .   (no shield)
rNeg     + + +     Faith    .   a - +0 robe
rPois    ∞         Spirit   .   b - +0 hat
rElec    .         Reflect  .   f - +0 cloak
rCorr    .         Harm     .   s - +2 pair of gloves
MR       +....                  t - +1 pair of boots
Stlth    ++........             (no amulet)
HPRegen  0.20/turn              n - +2 ring of protection
MPRegen  0.19/turn              (no ring)

@: about to teleport
A: no food or potions, fire vulnerability, cold resistance 1, negative energy
resistance 3, torment resistance, unbreathing
a: Potion Petition, Call Merchant, Bribe Branch, Renounce Religion


You were on level 12 of the Dungeon.
You worshipped Gozag.
Gozag was most pleased with you.
You were not hungry.

You visited 1 branch of the dungeon, and saw 11 of its levels.
You also visited: Ossuary.

You collected 1599 gold pieces.
You paid 100 gold pieces to Gozag.

Inventory:

Hand Weapons
 i - a +1 hunting sling of velocity
 k - a +5 dagger of freezing (weapon)
 l - a +0 giant club
Missiles
 j - 228 stones (quivered)
Armour
 a - a +0 robe (worn)
 b - a +0 hat (worn)
 f - a +0 cloak (worn)
 s - a +2 pair of gloves (worn)
 t - a +1 pair of boots (worn)
Jewellery
 n - a +2 ring of protection (left hand)
Wands
 c - a wand of digging (7)
 o - a wand of polymorph (3)
Scrolls
 d - 3 scrolls of random uselessness
 e - a scroll of amnesia
 g - 5 scrolls of immolation
 h - 7 scrolls of remove curse
 m - 3 scrolls of fog
 p - 2 scrolls of holy word
 q - 6 scrolls of teleportation
 v - 5 scrolls of blinking
 w - a scroll of magic mapping


   Skills:
 - Level 1.5 Dodging
 - Level 1.5 Stealth
 - Level 10.1 Spellcasting
 + Level 8.4 Conjurations
   Level 0.7 Summonings
 - Level 0.7 Translocations
 + Level 7.2 Air Magic
 - Level 3.0 Poison Magic


You had one spell level left.
You knew the following spells:

 Your Spells              Type           Power        Failure   Level  Hunger
a - Magic Dart            Conj           ####         1%          1    N/A
b - Conjure Flame         Conj/Fire      ####....     3%          3    N/A
c - Mephitic Cloud        Conj/Pois/Air  #####...     1%          3    N/A
d - Blink                 Tloc           N/A          8%          2    N/A
e - Shock                 Conj/Air       ####         1%          1    N/A
f - Static Discharge      Conj/Air       #####...     1%          3    N/A
g - Swiftness             Chrm/Air       ###.....     2%          2    N/A
h - Lightning Bolt        Conj/Air       #####.....   8%          5    N/A
i - Airstrike             Air            #####.....   3%          4    N/A
j - Olgreb's Toxic Radia  Pois           ###.....     19%         4    N/A

Your spell library contained the following spells:

 Spells                   Type           Power        Failure   Level  Hunger
 Apportation              Tloc           ##....       4%          1    N/A
 Call Imp                 Summ           ##......     8%          2    N/A
 Slow                     Hex            ##......     11%         2    N/A
 Sticks to Snakes         Tmut           ##......     11%         2    N/A
 Force Lance              Conj/Tloc      ####....     11%         4    N/A
 Lesser Beckoning         Tloc           ##........   16%         3    N/A
 Spectral Weapon          Hex/Chrm       ##......     21%         3    N/A
 Fireball                 Conj/Fire      ####......   32%         5    N/A
 Iskenderun's Battlesphe  Conj/Chrm      ####....     32%         5    N/A
 Conjure Ball Lightning   Conj/Air       #####.....   38%         6    N/A
 Beastly Appendage        Tmut           Unusable     N/A         1    N/A
 Spider Form              Tmut/Pois      Unusable     N/A         3    N/A
 Ice Form                 Ice/Tmut       Unusable     N/A         4    N/A
 Blade Hands              Tmut           Unusable     N/A         5    N/A

Dungeon Overview and Level Annotations

Branches:
Dungeon (10/15)            Temple (0/1) D:6
   Lair: D:8-11         Orc: D:9-12

Altars:
Ashenzari
Cheibriados
Fedhas
Gozag
Sif Muna

Annotations:
D:3 2 transporters, fooot's ghost, amateur MiFi


Innate Abilities, Weirdness & Mutations

You do not eat or drink.
Your flesh is vulnerable to fire.
You are immune to poison.
Your flesh is cold resistant. (rC+)
You are immune to negative energy. (rN+++)
You are immune to unholy pain and torment.
You can survive without breathing.


Message History

Casting: Magic Dart (safe; 1% risk of failure)
Confirm with . or Enter, or press ? or * to list all spells.
Aiming: Conjure Flame (safe; 3% risk of failure)
Press: ? - help, Dir - move target cursor The fire ignites!
You fall through a shaft for 2 floors!
The shaft crumbles and collapses.
Reactivating autopickup.
A wyvern comes into view.
Found 9 gold pieces.
Found an escape hatch in the floor.
A cyclops comes into view.
The wyvern hisses angrily.
As you read the scroll of teleportation, it crumbles to dust.
You feel strangely unstable.
As you read the scroll of magic mapping, it crumbles to dust.
You feel aware of your surroundings.
You sensed 1 altar.
The wyvern bites you!
The cyclops throws a large rock.
The large rock hits you!!!
Ouch! That really hurt!
You die...
Your body crumbles into a pile of gold.

*,,* *,,,,,,,,,,,,,,,*
*,,* *............,,,*
*,,******......C....,,,,*
,,,,,,,,,...........,,,,*
,,,,,,,,,..........,,,,,*
,,,******#........#******
,,,* #........# ,,,*
#........# ,,,*
#......@.######*
,,,******#......l.......*
,,,,,,,,,.$.............*
,,,,,,,,,.....>.........*
**,,,,,,,........######.*
*,,,,,,,........# *,*
*,,,$,,,........# *,*
**,,,,,,,........# *,*
,,,,,,,,,........# *,*


You could see a cyclops and a wyvern.

Vanquished Creatures
  A queen bee (D:8)
  A hornet (D:9)
  3 hippogriffs
  A water moccasin (D:9)
  2 sky beasts
  An ice beast (D:8)
  2 orc warriors
  2 black bears (D:7)
  2 phantoms
  5 ogres
  A centaur (D:10)
  2 crocodiles
  2 big kobolds (D:8)
  6 bullfrogs
  12 scorpions
  12 killer bees
  4 howler monkeys
  4 centaur zombies
  2 crimson imps (D:8)
  A human zombie (Ossuary)
  2 centaur skeletons
  2 jellies
  6 orc priests
  2 hounds
  11 orc wizards
  A bullfrog skeleton (D:6)
  Ijyb (D:3)
  3 iguanas
  2 big kobold zombies (Ossuary)
  A hound skeleton (D:6)
  3 mummies (Ossuary)
  A worker ant zombie (D:8)
  5 scorpion zombies (Ossuary)
  10 adders
  2 shadow imps
  2 oozes
  7 worms
  An adder skeleton (D:4)
  2 dart slugs (D:1)
  3 leopard geckos
  32 orcs
  7 bats
  3 giant cockroaches
  A gnoll zombie (Ossuary)
  6 goblins
  8 hobgoblins
  7 jackals
  19 kobolds
  2 quokkas
  A ball python (D:1)
  8 frilled lizards
  3 goblin zombies (Ossuary)
  2 kobold zombies (Ossuary)
  A leopard gecko skeleton (D:4)
  3 orc zombies (Ossuary)
  A quokka skeleton (D:4)
  9 rats
246 creatures vanquished.

Vanquished Creatures (collateral kills)
  A scorpion (Ossuary)
  2 killer bees (D:8)
3 creatures vanquished.

Vanquished Creatures (others)
  An orc zombie (Ossuary)
  6 plants (D:6)
7 creatures vanquished.

Grand Total: 256 creatures vanquished

Notes
Turn   | Place    | Note
-------+----------+-------------------------------------------
     0 | D:1      | Gospel the Mummy Wizard began the quest for the Orb.
     0 | D:1      | Reached XP level 1. HP: 13/13 MP: 5/5
    27 | D:1      | Reached skill level 1 in Conjurations
   580 | D:1      | Reached XP level 2. HP: 19/19 MP: 2/7
  1423 | D:1      | Reached XP level 3. HP: 24/24 MP: 5/8
  1641 | D:1      | Learned a level 3 spell: Conjure Flame
  1645 | D:1      | Learned a level 3 spell: Mephitic Cloud
  1648 | D:1      | Learned a level 2 spell: Blink
  2072 | D:2      | Reached XP level 4. HP: 29/30 MP: 7/10
  2600 | D:3      | Noticed Ijyb
  3162 | D:2      | Reached XP level 5. HP: 14/35 MP: 1/11
  3666 | D:3      | Noticed a black bear
  3668 | D:3      | Noticed fooot's ghost (amateur MiFi)
  3680 | D:3      | Found a transporter.
  3683 | D:3      | Found a transporter.
  3695 | D:3      | Reached skill level 1 in Air Magic
  3695 | D:3      | Reached skill level 1 in Poison Magic
  3698 | D:3      | Reached XP level 6. HP: 41/41 MP: 8/12
  4728 | D:3      | Found a deep blue altar of Sif Muna.
  5048 | D:4      | Found a shattered altar of Ashenzari.
  5343 | D:4      | Reached skill level 5 in Spellcasting
  5739 | D:5      | Entered Level 5 of the Dungeon
  6455 | D:3      | Killed Ijyb
  6622 | D:5      | Reached XP level 7. HP: 44/46 MP: 11/14
  6646 | D:5      | Learned a level 1 spell: Shock
  6650 | D:5      | Learned a level 3 spell: Static Discharge
  6653 | D:5      | Learned a level 2 spell: Swiftness
  6669 | D:5      | Found an opulent altar of Gozag.
  6675 | D:5      | Became a worshipper of Gozag Ym Sagoz the Greedy
  6751 | D:5      | Found a blossoming altar of Fedhas.
  6867 | D:5      | Found a snail-covered altar of Cheibriados.
  7840 | D:6      | HP: 2/46 [centaur zombie (6)]
  8375 | D:4      | Reached skill level 5 in Conjurations
  8411 | D:4      | Reached skill level 6 in Spellcasting
  9031 | D:6      | Reached XP level 8. HP: 40/52 MP: 17/17
  9278 | D:6      | Found a staircase to the Ecumenical Temple.
 10149 | D:7      | Reached skill level 7 in Spellcasting
 10521 | D:6      | Learned a level 5 spell: Lightning Bolt
 11238 | D:8      | Noticed a hippogriff
 11252 | D:8      | Killed a hippogriff
 11252 | D:8      | Reached skill level 8 in Spellcasting
 11252 | D:8      | Reached XP level 9. HP: 52/57 MP: 9/21
 11357 | D:8      | Found a sand-covered staircase.
 11366 | Ossuary  | Entered an ossuary
 12303 | Ossuary  | Reached skill level 5 in Air Magic
 12971 | D:8      | Reached skill level 9 in Spellcasting
 13160 | D:8      | Noticed a queen bee
 13743 | D:8      | Killed a queen bee
 13743 | D:8      | Reached XP level 10. HP: 63/63 MP: 3/23
 14029 | D:8      | Reached skill level 10 in Spellcasting
 14484 | D:8      | Learned a level 4 spell: Airstrike
 14559 | D:8      | Identified the Compendium of the Traveller and Toxins
 14590 | D:8      | Learned a level 4 spell: Olgreb's Toxic Radiance
 14693 | D:8      | Identified Appilim's Guide on Arcane Weapons and
                  | Self-Improvement
 16067 | D:10     | Entered Level 10 of the Dungeon
 16145 | D:10     | You fall through a shaft for 2 floors!
 16146 | D:12     | Noticed a cyclops
 16148 | D:12     | Hit by a large rock thrown by a cyclops

Vault maps used:
D:1:      ncdulo_smallfort
D:2:      minmay_door_square, minmay_crystal_water
D:3:      tgw_sif, gammafunk_ghost_arena, st_stairs_3, uniq_ijyb
D:4:      first_ration, evilmike_ruin_ashenzari
D:5:      hangedman_feature_mirror, grunt_gozag_statues
D:6:      minmay_temple_entry_enclosed_plants, corexii_shack, minmay_lizard_king
D:7:      serial_bayou_pond_b
D:8:      nicolae_ossuary_entry_ruins, david_nohive_1
D:10:     erik_lair_orcish_takeover, serial_shops, shop, enter_trove_1,
          uniq_gastronok
D:12:     basic_altar, uniq_snorg
Ossuary:  ossuary_minmay_scorpions

Skill      XL: |  1  2  3  4  5  6  7  8  9 10 |
---------------+-------------------------------+-----
Conjurations   | 1 2 3 4 5 6 7 8 |  8.4
Air Magic      | 1 2 3 4 6 7 |  7.2
Poison Magic   | 1 2 3 |  3.0
Spellcasting   | 5 6 8 9 10 | 10.1
Dodging        | |  1.5
Stealth        | |  1.5
Summonings     | |  0.7
Translocations | |  0.7

Action                   |  1- 3 |  4- 6 |  7- 9 | 10-12 || total
-------------------------+-------+-------+-------+-------++-------
Melee: Unarmed           |     3 |       |       |       ||     3
       Hand axe          |    24 |    19 |       |       ||    43
       Dagger            |       |    73 |   168 |    66 ||   307
 Fire: Hunting sling     |    13 |   118 |   139 |    35 ||   305
 Cast: Magic Dart        |    91 |    84 |   241 |    84 ||   500
       Mephitic Cloud    |       |    25 |    36 |    15 ||    76
       Blink             |       |     2 |     7 |     3 ||    12
       Conjure Flame     |       |     3 |    36 |     5 ||    44
       Shock             |       |       |    28 |    13 ||    41
       Static Discharge  |       |       |     6 |     1 ||     7
       Swiftness         |       |       |     2 |       ||     2
       Lightning Bolt    |       |       |       |     4 ||     4
       Airstrike         |       |       |       |     3 ||     3
       Olgreb's Toxic Ra |       |       |       |     2 ||     2
  Use: Scroll            |     1 |     4 |    15 |     6 ||    26
 Stab: Confused          |       |     2 |     6 |     1 ||     9
       Distracted        |       |       |     1 |       ||     1
Armor: Robe              |     8 |    31 |    57 |    35 ||   131
Dodge: Dodged            |    33 |   129 |   137 |    47 ||   346

Table legend:
 A = Non-vault XP
 B = Vault XP
 C = Vault XP percentage of total XP
 D = Non-vault monster count
 E = Vault monster count
 F = Vault count percentage of total count
                 A         B        C        D         E       F
            +---------+---------+-------+---------+---------+-------
      Total |    6056 |    2211 |  26.7 |     191 |      58 |  23.3
            +---------+---------+-------+---------+---------+-------
        D:1 |      46 |       0 |   0.0 |      23 |       0 |   0.0
        D:2 |     123 |       0 |   0.0 |      28 |       0 |   0.0
        D:3 |     307 |      90 |  22.7 |      32 |       4 |  11.1
        D:4 |     336 |       0 |   0.0 |      11 |       0 |   0.0
        D:5 |     129 |      88 |  40.6 |      11 |       2 |  15.4
        D:6 |     675 |      45 |   6.2 |      11 |       5 |  31.2
        D:7 |     808 |      14 |   1.7 |      17 |       1 |   5.6
        D:8 |    2077 |    1058 |  33.7 |      37 |      14 |  27.5
        D:9 |    1437 |      66 |   4.4 |      15 |       1 |   6.2
       D:10 |     118 |       0 |   0.0 |       6 |       0 |   0.0
    Ossuary |       0 |     850 | 100.0 |       0 |      31 | 100.0
            +---------+---------+-------+---------+---------+-------
